 Dungeon Crawl Stone Soup version 0.28.0-43-g3370ac3207 (webtiles) character file.

Game seed: 2959935806169526134

147 adizb the Skirmisher (level 5, -5/43 (48) HPs)
             Began as a Minotaur Monk on Mar 12, 2022.
             Slain by a wight
             ... wielding a +1 great sword of freezing
              (6 damage)
             ... on level 3 of the Dungeon.
             The game lasted 00:11:03 (2059 turns).

adizb the Skirmisher (Minotaur Monk)                Turns: 2059, Time: 00:11:03

HP:   -5/43 (48)    AC:  5    Str: 17    XL:     5   Next: 8%
MP:   4/4           EV: 12    Int:  7    God:
Gold: 123           SH:  0    Dex: 13    Spells: 4/4 levels left

rFire   . . .      SeeInvis .   a - +0 mace
rCold   . . .      Faith    .   (no shield)
rNeg    . . .      Spirit   .   c - +0 ring mail
rPois   .          Reflect  .   (helmet restricted)
rElec   .          Harm     .   (no cloak)
rCorr   .          Rampage  .   (no gloves)
Will    .....                   (no boots)
Stlth   +.........              (no amulet)
HPRegen 0.14/turn               (no ring)
MPRegen 0.09/turn               (no ring)

@: attractive, heavily drained
A: horns 2, retaliatory headbutt
a: no special abilities


You were on level 3 of the Dungeon.
You visited 1 branch of the dungeon, and saw 4 of its levels.

You collected 123 gold pieces.

Inventory:

Hand Weapons
 a - a +0 mace (weapon)
 i - a +0 hunting sling
Missiles
 j - 108 stones (quivered)
 o - 44 sling bullets
Armour
 b - a +0 robe
 c - a +0 ring mail (worn)
 p - a +1 leather armour
Wands
 m - a wand of digging (6)
Scrolls
 e - a scroll of fear
Potions
 d - a potion of magic {unknown}
 g - 3 potions of heal wounds {unknown}
 k - 2 potions of attraction
 r - a potion of lignification {unknown}


   Skills:
 * Level 5.1 Fighting
 + Level 4.3 Maces & Flails
 + Level 1.4 Slings
 + Level 2.2 Armour
 + Level 4.0 Dodging
 - Level 1.5 Stealth


You had 4 spell levels left.
You didn't know any spells.
Your spell library contained the following spells:

 Spells                   Type           Power      Damage    Failure   Level
 Shock                    Conj/Air       0%         1d3       63%         1
 Swiftness                Air            0%         N/A       94%         3
 Airstrike                Air            0%         N/A       100%        4


Dungeon Overview and Level Annotations

Branches:
Dungeon (4/15)
 Temple: D:4-7

Altars:
Qazlal


Innate Abilities, Weirdness & Mutations

You have a pair of horns on your head.
You reflexively headbutt those who attack you in melee.


Message History

c - a +0 ring mail HP restored.
You start removing your armour.
You continue taking off your +1 leather armour. x4
You finish taking off your +1 leather armour.
You start putting on your armour.
You continue putting on your +0 ring mail. x5
You finish putting on your +0 ring mail.
There is a stone staircase leading down here.
You climb downwards.
The hound barks!
Found a scroll of blinking.
There is a stone staircase leading up here.
You shoot a stone.
The stone hits the wight but does no damage.
The goblin shouts!
The wight hits you with a +1 great sword of freezing!
You feel drained. The wight freezes you.
You climb upwards.
There is a stone staircase leading down here.
a - a +0 mace (weapon)
You closely miss the wight. Your headbutt misses the wight.
The wight hits you with a +1 great sword of freezing!
You feel drained. The wight freezes you.
* * * LOW HITPOINT WARNING * * *
It was a potion of attraction.
You feel attractive to monsters. The wight hits you but does no damage.
You closely miss the wight. The wight barely misses you.
You furiously retaliate!
You headbutt the wight, but do no damage.
The wight closely misses you. You furiously retaliate!
You headbutt the wight, but do no damage.
The wight is attracted toward you.
You hit the wight. You headbutt the wight.
The wight is moderately damaged.
The wight hits you with a +1 great sword of freezing!
* * * LOW HITPOINT WARNING * * *
You feel drained.
You die...

..###......#.###.#.#
#.##.##.....
.......##..#.##....#
#.#...#.####
..####.##..#.......# #.......#
..####.##..####....###.......##
...........####.....).........#
#.####.##...........##.......##
..## #.########.....###.....##
...# #.#.........<....##...##
##.# #.#.#######@#.##.###.##
.###.........÷z#.##.# #.#
#...............#.##.# #.#
###.##########.##.##.###.# #
#.# #.##.#.#.##.# # ####.#
#####.##†.###.#.# # #....#
#.....##...# ##.# # #.####
#.######..#.# #.# # #.# #.#
#..### #.#


You could see a wight.

Vanquished Creatures
  A howler monkey (D:3)
  A centaur skeleton (D:2)
  An adder (D:3)
  3 worms
  3 dart slugs
  11 ball pythons
  8 endoplasms
  A giant cockroach (D:2)
  6 goblins
  5 hobgoblins
  4 jackals
  2 quokkas
  4 bats
  A frilled lizard (D:2)
  2 kobolds (D:3)
  6 rats
59 creatures vanquished.

Notes
Turn   | Place    | Note
-------+----------+-------------------------------------------
     0 | D:1      | adizb the Minotaur Monk began the quest for the Orb.
     0 | D:1      | Reached XP level 1. HP: 19/19 MP: 0/0
   188 | D:1      | Reached XP level 2. HP: 23/27 MP: 1/1
   237 | D:1      | Reached skill level 4 in Fighting
   324 | D:1      | Reached skill level 1 in Armour
   828 | D:2      | Reached XP level 3. HP: 22/33 MP: 2/2
   895 | D:2      | Found a faded altar of an unknown god.
   938 | D:2      | Reached skill level 1 in Slings
   989 | D:2      | Reached XP level 4. HP: 14/41 MP: 3/3
  1407 | D:3      | Found a stormy altar of Qazlal.
  1638 | D:3      | Reached skill level 5 in Fighting
  1747 | D:3      | Reached XP level 5. HP: 23/48 MP: 4/4
  2059 | D:3      | HP: 1/45 [wight/+1 great sword of freezing (13)]
  2059 | D:3      | Slain by a wight

Illustrated notes

Levels and vault maps discovered:
D:1:      roderic_chinese_lattice_arrival, layout_basic
D:2:      layout_rooms, hellmonk_ecumenical_altar_dog_temple
D:3:      layout_loops_ring, mainiacjoe_overflow_24_doors
D:4:      layout_loops_ring, chequers_serial_rivers_room_b

Skill      XL: |  1  2  3  4 |
---------------+-------------+-----
Fighting       | 4 5 |  5.1
Armour         | 1 2 |  2.2
Maces & Flails | 4 |  4.3
Slings         | 1 |  1.4
Dodging        | 4 |  4.0
Stealth        | |  1.5

Action                   |  1- 3 |  4- 6 || total
-------------------------+-------+-------++-------
Melee: Mace              |    45 |    39 ||    84
       Headbutt          |     5 |     8 ||    13
       Punch             |       |     1 ||     1
 Fire: Hunting sling     |    22 |    44 ||    66
  Use: Scroll            |       |     6 ||     6
       Potion            |       |     1 ||     1
 Stab: Sleeping          |     3 |       ||     3
       Distracted        |       |     1 ||     1
Armor: Robe              |    11 |       ||    11
       Leather armour    |       |     5 ||     5
       Ring mail         |       |     1 ||     1
Dodge: Dodged            |    32 |    20 ||    52
